 Dungeon Crawl Stone Soup version 0.30.0-13-g156ef70053 (webtiles) character file.

Game seed: 11577061898886650588

1 browni3141 the Shield-Bearer (level 1, 0/6 (19) HPs)
             Began as a Minotaur Fighter on May 17, 2023.
             Slain by a goblin
             ... wielding a +1 dagger of draining
              (1 damage)
             ... on level 1 of the Dungeon.
             The game lasted 00:00:04 (84 turns).

browni3141 the Shield-Bearer (Minotaur Fighter)       Turns: 84, Time: 00:00:04

HP:   0/6 (19)      AC:  6    Str: 20    XL:     1   Next: 16%
MP:   0/0           EV:  9    Int:  5    God:
Gold: 0             SH:  4    Dex:  9    Spells: 0/0 levels left

rFire   . . .        a - +0 war axe
rCold   . . .        c - +0 buckler
rNeg    . . .        b - +0 scale mail
rPois   .            (helmet restricted)
rElec   .            (no cloak)
rCorr   .            (no gloves)
SInv    .            (no boots)
Will    .....        (no amulet) Stlth
                     (no ring)
HPRegen 0.21/turn    (no ring)
MPRegen 0.07/turn

%: no passive effects
@: extremely drained
A: horns 2, retaliatory headbutt
a: no special abilities


You were on level 1 of the Dungeon.
You visited 1 branch of the dungeon, and saw 1 of its levels.

Inventory:

Hand Weapons
 a - a +0 war axe (weapon)
Armour
 b - a +0 scale mail (worn)
 c - a +0 buckler (worn)
Scrolls
 N - a scroll of teleportation {unknown}
Potions
 M - 2 potions of might


   Skills:
 + Level 3.6 Fighting
 * Level 2.4 Axes
 + Level 3.6 Armour
 + Level 0.0 Dodging
 + Level 3.6 Shields


You couldn't memorise any spells.
You didn't know any spells.
Your spell library was empty.

Dungeon Overview and Level Annotations

Branches:
Dungeon (1/15)

Altars:


Innate Abilities, Weirdness & Mutations

You have a pair of horns on your head.
You reflexively headbutt those who attack you in melee.


Message History

Welcome, browni3141 the Minotaur Fighter.
Will you be the one to retrieve the splendid Orb of Zot from the depths?
Press ? for a list of commands and other information.
Found a scroll labelled MENKISMACYM.
Found a staircase leading out of the dungeon.
Setting a skill training target for Axes at 16.0.
Setting a skill training target for Invocations at 14.0.
Setting a skill training target for Throwing at 5.0.
N - a scroll labelled MENKISMACYM You open the door.
There is an open door here.
M - 2 potions of might (gained 1)
There is an open door here.
There is a staircase leading out of the dungeon here.
You open the door.
There is an open door here.
You open the door.
There is an open door here.
Found a stone staircase leading down.
There is a stone staircase leading down here.
A kobold comes into view. It is wielding a +0 short sword.
A kobold is nearby!
A kobold is nearby!
The kobold barely misses you.
You hit the kobold.
You kill the kobold!
Things that are here:
a +0 short sword; 4 stones No target in view!
No target in view!
A goblin comes into view. It is wielding a +1 dagger of draining.
The goblin shouts!
A goblin is nearby!
The goblin barely misses you.
A goblin is nearby!
You barely miss the goblin. You block the goblin's attack.
You hit the goblin but do no damage. The goblin hits you but does no damage.
You feel drained.
The goblin hits you with a +1 dagger of draining.
You feel drained.
A goblin is nearby!
You barely miss the goblin.
The goblin hits you with a +1 dagger of draining.
You feel drained.
A goblin is nearby!
You hit the goblin.
The goblin is severely wounded.
The goblin hits you with a +1 dagger of draining.
You feel drained. The goblin barely misses you.
You barely miss the goblin.
The goblin is severely wounded.
The goblin hits you with a +1 dagger of draining.
You feel drained.
You closely miss the goblin.
The goblin is severely wounded.
The goblin hits you but does no damage.
You feel drained.
You barely miss the goblin.
The goblin is severely wounded.
The goblin hits you but does no damage.
You feel drained. The goblin closely misses you.
A goblin is nearby!
A goblin is nearby!
A goblin is nearby!
A goblin is nearby!
You miss the goblin.
The goblin is heavily wounded.
You block the goblin's attack.
You closely miss the goblin.
The goblin is heavily wounded.
The goblin hits you but does no damage.
You feel drained.
The goblin hits you with a +1 dagger of draining.
You feel drained.
You miss the goblin. Your headbutt misses the goblin.
The goblin is heavily wounded.
The goblin hits you but does no damage.
You feel drained.
You barely miss the goblin.
The goblin is heavily wounded.
The goblin hits you with a +1 dagger of draining.
You feel drained.
The goblin hits you with a +1 dagger of draining.
You feel drained.
You die...

####### #.....#
#.....# .#####.....#
###########
...........#
#..........
###.@g..#
#.########.
#....######.#.##
#... #......)....#
...#.##
#.....#######.##.#.#
#.....# ........##
###.... .##.......
###..# ##.##### ...#
... #.# ##.. #...
...


You could see a goblin.

Vanquished Creatures
  A kobold (D:1)
1 creature vanquished.

Notes
Turn   | Place    | Note
-------+----------+-------------------------------------------
     0 | D:1      | browni3141 the Minotaur Fighter began the quest for the
                  | Orb.
     0 | D:1      | Reached XP level 1. HP: 19/19 MP: 0/0
    84 | D:1      | Slain by a goblin

Illustrated notes

Levels and vault maps discovered:
D:1:      elethiomel_arrival_fortress_basement, layout_basic

Action                     || total
---------------------------++-------
  Melee: War axe           ||    12
 Armour: Scale mail        ||     5
  Dodge: Dodged            ||     4
  Block: Buckler           ||     2
